 Dungeon Crawl Stone Soup version 0.19.0-16-g73b5abf (webtiles) character file.

64 feblizz the Ruffian (level 3, -9/36 HPs)
             Began as a Troll Berserker on Nov 11, 2016.
             Was a Believer of Trog.
             Mangled by a worm (12 damage)
             ... on level 2 of the Dungeon.
             The game lasted 00:15:38 (1811 turns).

feblizz the Ruffian (Troll Berserker)               Turns: 1811, Time: 00:15:39

Health: -9/36      AC:  5    Str: 26    XL:     3   Next: 91%
Magic:  2/2        EV: 10    Int:  3    God:    Trog [**....]
Gold:   74         SH:  0    Dex:  9    Spells: 0 memorised, 2 levels left

rFire  . . .     SeeInvis .     h - +0 club
rCold  . . .     Gourm    +     a - +0 animal skin
rNeg   . . .     Faith    .     (no shield)
rPois  .         Spirit   .     (helmet restricted)
rElec  .         Reflect  .     (no cloak)
rCorr  .         Harm     .     (gloves unavailable)
MR     .....                    (boots unavailable)
Stlth  +.........               (no amulet)
                                (no ring)
                                (no ring)

@: starving
A: unfitting armour, claws 3, fast metabolism 3, gourmand, regeneration 1,
shaggy fur 1, tough skin 2
a: Berserk, Trog's Hand, Burn Spellbooks, Renounce Religion


You were on level 2 of the Dungeon.
You worshipped Trog.
Trog was pleased with you.
You were starving.

You visited 1 branch of the dungeon, and saw 2 of its levels.

You collected 74 gold pieces.

Inventory:

Hand Weapons
 h - a +0 club (weapon)
Missiles
 f - 32 arrows
Armour
 a - a +0 animal skin (worn)
Scrolls
 c - a scroll of recharging
 n - a scroll of teleportation
Potions
 d - a potion of curing {unknown}
 e - a potion of agility
 j - a potion of haste {unknown}
 k - a potion of resistance {unknown}
Comestibles
 b - 3 bread rations


   Skills:
 + Level 2.8 Fighting
 * Level 1.2 Maces & Flails
 + Level 3.1 Dodging
 + Level 3.3 Unarmed Combat


You had 2 spell levels left.
You didn't know any spells.

Dungeon Overview and Level Annotations

Branches:
Dungeon (2/15)

Altars:


Innate Abilities, Weirdness & Mutations

You are too large for most types of armour.
You have claws for hands.
Your metabolism is lightning-fast.
You like to eat raw meat.
Your natural rate of healing is unusually fast.
You are covered in fur. (AC +1)
You have very tough skin. (AC +2)


Message History

The worm bites you.
You hit the goblin but do no damage.
The goblin is heavily wounded.
The hobgoblin hits you with a club. The goblin hits you but does no damage.
The worm bites you!
You hit the goblin.
You kill the goblin!
Trog accepts your kill. The hobgoblin closely misses you.
You hit the worm.
The worm is lightly wounded.
The hobgoblin hits you with a club. The worm barely misses you.
You hit the worm but do no damage. The hobgoblin hits you with a club.
The worm bites you!
* * * LOW HITPOINT WARNING * * *
The hobgoblin misses you.
You're too hungry.
You completely miss the worm. The hobgoblin barely misses you.
The worm bites you!
You die...

... .....#.#.###..#
#.#.####...#.#.###..# .
#.#. #...#.#......#
..##.#.#####...........#
..............#####.#...
.....<........## #.#.##
...............# #.#...
.......wg.......# #.....
.......@)...##..# #.#.#.
............# #.# #.....
............# .........
.......#.........#.##.##
.......#.........#. #.#
................ #.#
........?.#...## .. #.#
..........#...# ..##.##
#.#....


You could see a worm and a hobgoblin.

Vanquished Creatures
  An adder (D:2)
  2 worms (D:2)
  2 dart slugs
  2 leopard geckos (D:1)
  4 bats
  3 giant cockroaches
  5 goblins
  5 hobgoblins
  4 jackals (D:1)
  6 kobolds
  3 frilled lizards
  7 rats
44 creatures vanquished.

Vanquished Creatures (others)
  5 toadstools (D:1)
5 creatures vanquished.

Grand Total: 49 creatures vanquished

Notes
Turn   | Place    | Note
-------+----------+-------------------------------------------
     0 | D:1      | feblizz the Troll Berserker began the quest for the Orb.
     0 | D:1      | Reached XP level 1. HP: 22/22 MP: 0/0
   180 | D:1      | Reached XP level 2. HP: 18/29 MP: 1/1
   714 | D:1      | Reached skill level 1 in Maces & Flails
   959 | D:1      | Reached XP level 3. HP: 36/36 MP: 2/2
  1056 | D:1      | Reached ** piety under Trog
  1811 | D:2      | Mangled by a worm

Skill      XL: |  1  2  3 |
---------------+----------+-----
Maces & Flails | 1 |  1.2
Dodging        | 3 |  3.1
Fighting       | |  2.8
Unarmed Combat | |  3.3

Action                   || total
-------------------------++-------
Melee: Unarmed           ||    22
       Club              ||   161
       Punch             ||     3
Invok: Berserk           ||     2
  Use: Scroll            ||     5
 Stab: Sleeping          ||     2
  Eat: Chunk             ||     9
       Bread ration      ||     1
Armor: Animal skin       ||   130
Dodge: Dodged            ||   182
